 Dungeon Crawl Stone Soup version 0.17-b1-18-g553e9fc (webtiles) character file.

100 Kloppie the Skirmisher (level 4, -4/61 HPs)
             Began as a Minotaur Berserker on Nov 4, 2015.
             Was a Believer of Trog.
             Slain by Sigmund
             ... wielding a +1 scythe of protection
              (8 damage)
             ... on level 2 of the Dungeon.
             The game lasted 00:02:34 (1596 turns).

Kloppie the Skirmisher (Minotaur Berserker)         Turns: 1596, Time: 00:02:34

Health: -4/61      AC:  3    Str: 28    XL:     4   Next: 46%
Magic:  3/3        EV: 12    Int:  4    God:    Trog [**....]
Gold:   100        SH:  0    Dex:  9    Spells: 0 memorised, 3 levels left

rFire  . . .     SeeInvis .     a - +0 hand axe
rCold  . . .     Clarity  .     b - +0 animal skin
rNeg   . . .     SustAt   .     (no shield)
rPois  .         Gourm    .     (helmet restricted)
rElec  .         Spirit   .     (no cloak)
rCorr  .         Warding  .     (no gloves)
rMut   .         Stasis   .     f - +0 pair of boots
MR     .....                    (no amulet)
Stlth  ..........               (no ring)
                                (no ring)

@: berserking, very quick, not resistant to hostile enchantments, extremely
unstealthy
A: retaliatory headbutt, horns 2
a: Berserk, Trog's Hand, Burn Spellbooks, Renounce Religion


You were on level 2 of the Dungeon.
You worshipped Trog.
Trog was pleased with you.
You were not hungry.

You visited 1 branch of the dungeon, and saw 2 of its levels.

You collected 100 gold pieces.

Inventory:

Hand Weapons
 a - a +0 hand axe (weapon)
Armour
 b - a +0 animal skin (worn)
 f - a +0 pair of boots (worn)
Jewellery
 h - a +3 ring of evasion {unknown}
 r - an uncursed amulet of the gourmand {unknown}
Scrolls
 e - a scroll of enchant weapon {unknown}
 k - 2 scrolls of recharging {unknown}
 n - 2 scrolls of identify {unknown}
 p - a scroll of noise {unknown}
 t - a scroll of teleportation {unknown}
Potions
 g - a potion of degeneration {unknown}
 i - 3 potions of curing {unknown}
 j - 3 potions of brilliance {unknown}
 l - 2 potions of agility {unknown}
 o - a potion of haste {unknown}
 s - a potion of beneficial mutation {unknown}
Comestibles
 c - 3 bread rations
 m - a meat ration
 q - a beef jerky


   Skills:
 + Level 4.7 Fighting
 + Level 4.5 Axes
 + Level 4.1 Armour
 - Level 2.1 Dodging


You had 3 spell levels left.
You didn't know any spells.

Dungeon Overview and Level Annotations

Branches:
Dungeon (2/15)

Altars:
Ashenzari
Elyvilon
Makhleb
Qazlal
Sif Muna
Zin
The Shining One

Annotations:
D:2 Sigmund


Innate Abilities, Weirdness & Mutations

You reflexively headbutt those who attack you in melee.
You have a pair of horns on your head.


Message History

Something barely misses you. Something hits you.
You hit something but do no damage.
You hear some strange, mumbled words.
A puff of flame appears from out of thin air!
The puff of flame misses you. Something hits you!
* * * LOW HITPOINT WARNING * * *
You bump into the rock wall.
You feel less confused. Something hits you!
* * * LOW HITPOINT WARNING * * *
There isn't anything here!
Eat which item? (? for menu, Esc to quit)
Something hits you but does no damage.
Mmm...
Chicken.
A red film seems to cover your vision as you go berserk!
You feel yourself moving faster!
You feel mighty!
You feel somewhat more hungry.
You closely miss something. You headbutt something! Something hits you!
You die...

............
##################..._..⌠....
#####............?...............
.......................>#....._.#
#####.######....@................
#......# #.#...{....#..........
#......#####.#.########.##.....##
.......'.........................
.......#######.......##.####.#.#.
.......# #.......÷#.# #.#...
.####.########........#.# ###...
.# #..........#......###### #...
.# #..######..#.####.# ##.###...


There were no monsters in sight!

Vanquished Creatures
  Jessica (D:2)
  3 adders (D:2)
  A worm (D:2)
  3 giant geckos
  6 bats
  7 hobgoblins
  A quokka (D:2)
  2 giant cockroaches
  5 giant newts
  6 goblins
  5 kobolds
  7 rats
47 creatures vanquished.

Notes
Turn   | Place    | Note
--------------------------------------------------------------
     0 | D:1      | Kloppie the Minotaur Berserker began the quest for the Orb.
     0 | D:1      | Reached XP level 1. HP: 19/19 MP: 0/0
   286 | D:1      | Reached XP level 2. HP: 27/27 MP: 1/1
   396 | D:1      | Reached skill level 4 in Fighting
   723 | D:1      | Reached ** piety under Trog
  1012 | D:2      | Found a glowing golden altar of the Shining One.
  1017 | D:2      | Reached XP level 3. HP: 28/33 MP: 2/2
  1054 | D:2      | Found a stormy altar of Qazlal.
  1054 | D:2      | Noticed Jessica
  1066 | D:2      | Killed Jessica
  1096 | D:2      | Reached XP level 4. HP: 30/41 MP: 3/3
  1197 | D:2      | Found a shattered altar of Ashenzari.
  1201 | D:2      | Found a glowing silver altar of Zin.
  1288 | D:2      | Found a burning altar of Makhleb.
  1434 | D:2      | Found a white marble altar of Elyvilon.
  1498 | D:2      | Found a deep blue altar of Sif Muna.
  1578 | D:2      | Noticed Sigmund
  1596 | D:2      | Slain by Sigmund

Action                   |  1- 3 |  4- 6 || total
-------------------------+-------+-------++-------
Melee: Hand axe          |    62 |    45 ||   107
Invok: Berserk           |       |     1 ||     1
 Stab: Sleeping          |       |     1 ||     1
  Eat: Pizza             |       |     1 ||     1
       Chunk             |       |     1 ||     1
